 Dungeon Crawl Stone Soup version 0.30.1-9-gdf580d7c3d (webtiles) character file.

Game seed: 2636822146207911770

74 Atelerd the Digger (level 4, -1/27 HPs)
             Began as an Octopode Earth Elementalist on Sept 25, 2023.
             Slain by Terence
             ... wielding a +0 mace
              (10 damage)
             ... on level 3 of the Dungeon.
             The game lasted 00:01:24 (1967 turns).

Atelerd the Digger (Octopode Earth Elementalist)    Turns: 1967, Time: 00:01:25

Health: -1/27      AC:  1    Str:  7    XL:     4   Next: 30%
Magic:  1/8        EV: 13    Int: 17    God:
Gold:   83         SH:  5    Dex: 14    Spells: 8/9 levels left

rFire   . . .        h - +0 dagger
rCold   . . .        (no shield)
rNeg    . . .        (helmet restricted)
rPois   .            f - amulet of reflection
rElec   .            (no ring)
rCorr   .            (no ring)
SInv    .            (no ring)
Will    .....        (no ring)
Stlth   +++          (no ring)
HPRegen 0.24/turn    (no ring)
MPRegen 0.11/turn    (no ring)
                     (no ring)

%: reflection
@: no status effects
A: almost no armour, amphibious, 8 rings, camouflage 1, gelatinous body 1,
(nimble swimmer 1), tentacles
a: no special abilities


You were on level 3 of the Dungeon.
You visited 1 branch of the dungeon, and saw 3 of its levels.

You collected 133 gold pieces.
You spent 50 gold pieces at shops.

Inventory:

Hand Weapons
 h - a +0 dagger (weapon)
Jewellery
 f - an amulet of reflection (around mantle)
Scrolls
 d - a scroll of immolation {unknown}
 e - 2 scrolls of summoning {unknown}
 g - a scroll of teleportation {unknown}
 i - a scroll of fear {unknown}
 j - a scroll of poison {unknown}
 k - a scroll of enchant armour {unknown}
 n - 2 scrolls of noise {unknown}
 p - 3 scrolls of identify
 q - a scroll of vulnerability {unknown}
 s - a scroll of silence {unknown}
Potions
 a - a potion of magic
 b - a potion of brilliance {unknown}
 c - a potion of resistance {unknown}
 l - a potion of attraction {unknown}
 m - a potion of lignification {unknown}
 r - a potion of cancellation {unknown}


   Skills:
 - Level 2.0 Dodging
 + Level 2.8 Stealth
 + Level 3.1 Spellcasting
 * Level 1.3 Transmutations
 * Level 4.0 Earth Magic


You had 8 spell levels left.
You knew the following spells:

 Your Spells              Type           Power      Damage    Failure   Level
a - Sandblast             Erth           32%        2d9       3%          1

Your spell library contained the following spells:

 Spells                   Type           Power      Damage    Failure   Level
 Passwall                 Tmut/Erth      9%         N/A       9%          2
 Stone Arrow              Conj/Erth      18%        3d8       22%         3
 Petrify                  Tmut/Erth      11%        N/A       50%         4


Dungeon Overview and Level Annotations

Branches:
Dungeon (3/15)

Altars:

Shops:
D:2 *

Annotations:
D:3 Terence


Innate Abilities, Weirdness & Mutations

You cannot wear most types of armour.
You are amphibious.
You can wear up to eight rings at the same time.
Your skin changes colour to match your surroundings (Stealth+).
Your rubbery body absorbs attacks. (AC +1, EV +1)
((You are camouflaged when in or above water. (Stealth+)))
You have tentacles for arms and can constrict up to eight enemies at once.


Message History

Terence is moderately wounded.
You constrict Terence, but do no damage.
Terence closely misses you.
Casting: Sandblast (safe; 3% risk of failure)
Confirm with . or Enter, or press ? or * to list all spells.
Aiming: Sandblast (safe; 3% risk of failure)
Press: ? - help, Shift-Dir - straight line, f/p - Terence
Aim: Terence, wielding a +0 mace and wearing a +0 scale mail (moderately wounded, constricted by you, 100% to hit)
The blast of sand hits Terence.
Terence is heavily wounded.
You constrict Terence, but do no damage.
You block Terence's attack. x2
Sorry, you're not good enough to have a special ability.
Unknown command.
Sorry, you're not good enough to have a special ability.
Casting: Sandblast (safe; 3% risk of failure)
Confirm with . or Enter, or press ? or * to list all spells.
Aiming: Sandblast (safe; 3% risk of failure)
Press: ? - help, Shift-Dir - straight line, f/p - Terence
Aim: Terence, wielding a +0 mace and wearing a +0 scale mail (heavily wounded, constricted by you, 100% to hit)
The blast of sand hits Terence but does no damage.
Terence is heavily wounded.
You constrict Terence, but do no damage.
Terence closely misses you.
Unknown command.
Casting: Sandblast (safe; 3% risk of failure)
Confirm with . or Enter, or press ? or * to list all spells.
Aiming: Sandblast (safe; 3% risk of failure)
Press: ? - help, Shift-Dir - straight line, f/p - Terence
Aim: Terence, wielding a +0 mace and wearing a +0 scale mail (moderately wounded, constricted by you, 100% to hit)
The blast of sand hits Terence but does no damage.
Terence is moderately wounded.
You constrict Terence, but do no damage.
Terence hits you with a +0 mace!
* * * LOW HITPOINT WARNING * * *
Terence misses you.
Unknown command.
Unknown command.
You feel better.
You constrict Terence. Terence hits you with a +0 mace!
You die...

#.# #.#
############.#
#.........##.#
#$........##.#
#.........##.#
#...@@....##.#
#..........#.######
#.................#
#.................#
#.................#
#######........<..#
#...........#
#...........#
#######.....#


You could see Terence.

Vanquished Creatures
  2 adders (D:2)
  3 worms (D:2)
  5 endoplasms
  5 goblins
  7 hobgoblins
  2 quokkas (D:1)
  7 ball pythons
  6 bats
  3 frilled lizards
  3 kobolds (D:1)
  2 rats (D:1)
45 creatures vanquished.

Notes
Turn   | Place    | Note
-------+----------+-------------------------------------------
     0 | D:1      | Atelerd the Octopode Earth Elementalist began the quest for
                  | the Orb.
     0 | D:1      | Reached XP level 1. HP: 11/11 MP: 3/3
   257 | D:1      | Reached XP level 2. HP: 10/17 MP: 3/5
   647 | D:1      | Reached XP level 3. HP: 21/21 MP: 4/6
  1260 | D:2      | Found Zuthru's General Store.
  1268 | D:2      | Bought a potion of curing for 30 gold pieces
  1268 | D:2      | Bought a scroll of identify for 20 gold pieces
  1426 | D:2      | Reached XP level 4. HP: 23/27 MP: 6/8
  1590 | D:2      | Reached skill level 4 in Earth Magic
  1952 | D:3      | Noticed Terence
  1967 | D:3      | Slain by Terence

Illustrated notes

Levels and vault maps discovered:
D:1:      dpeg_arrival_simpleton_b, layout_loops_ring, minmay_pentomino_o4
D:2:      layout_loops_corners, serial_shops, nicolae_shop_advertising_works
          [nicolae_subvault_shop_adworks]
D:3:      layout_basic, mainiacjoe_overflow_tiny_flanked, minmay_misc_feat_chi,
          eino_tiny_chamber, uniq_terence

Skill      XL: |  1  2  3  4 |
---------------+-------------+-----
Spellcasting   | 3 |  3.1
Earth Magic    | 4 |  4.0
Dodging        | |  2.0
Stealth        | |  2.8
Transmutations | |  1.3

Action                     |  1- 3 |  4- 6 || total
---------------------------+-------+-------++-------
  Melee: Unarmed           |     3 |       ||     3
         Tentacles         |     3 |     1 ||     4
         Constrict         |     5 |     2 ||     7
         Dagger            |    12 |    11 ||    23
   Cast: Sandblast         |    41 |    16 ||    57
    Use: Potion            |       |     1 ||     1
   Stab: Sleeping          |     1 |     1 ||     2
 Armour: Skin              |     1 |       ||     1
  Dodge: Dodged            |    14 |    14 ||    28
  Block: Other             |     3 |     5 ||     8
